 Seeded DCSS version 0.24.0 (webtiles) character file.

Game seed: 84692282672, levelgen mode: deterministic

188 Kranky the Poker (level 5, -2/46 HPs)
             Began as a Centaur Chaos Knight on Aug 13, 2020.
             Was a Plaything of Xom.
             Slain by a hog (shapeshifter) (6 damage)
             ... on level 3 of the Dungeon.
             The game lasted 00:08:46 (2741 turns).

Kranky the Poker (Centaur Chaos Knight)             Turns: 2741, Time: 00:08:46

Health: -2/46      AC:  7    Str: 16    XL:     5   Next: 39%
Magic:  5/5        EV:  8    Int: 11    God:    Xom [..*...]
Gold:   109        SH:  0    Dex: 11    Spells: 4/4 levels left

rFire    . . .     SeeInvis .   a - +0 spear (chaos)
rCold    . . .     Gourm    .   (no shield)
rNeg     . . .     Faith    .   d - +2 ring mail {MR+}
rPois    .         Spirit   .   (no helmet)
rElec    .         Reflect  .   (no cloak)
rCorr    .         Harm     .   (no gloves)
MR       ++...                  (no barding)
Stlth    ..........             (no amulet)
HPRegen  0.15/turn              o - +3 ring of dexterity
MPRegen  0.09/turn              r - ring of protection from magic

@: very quick
A: large, hooves 3, deformed body, speed 2, tough skin 3
a: Renounce Religion


You were on level 3 of the Dungeon.
You worshipped Xom.
You were a toy of Xom.
You were hungry.

You visited 1 branch of the dungeon, and saw 4 of its levels.

You collected 109 gold pieces.

Inventory:

Hand Weapons
 a - a +0 spear of chaos (weapon)
 j - a +2 whip of venom
Missiles
 i - 14 sling bullets
 m - 3 javelins (quivered)
Armour
 d - a +2 ring mail of magic resistance (worn)
 e - a +0 chain mail of cold resistance
Jewellery
 o - a +3 ring of dexterity (left hand)
 r - a ring of protection from magic (right hand)
 s - an uncursed ring of ice
Scrolls
 f - a scroll of identify
 g - a scroll of noise {unknown}
 k - 3 scrolls of magic mapping {unknown}
 p - a scroll of amnesia {unknown}
 q - 4 scrolls of blinking {unknown}
Potions
 b - a potion of heal wounds
 h - a potion of haste
 l - a potion of curing
 n - a potion of flight {unknown}
 t - a potion of might
Comestibles
 c - 4 rations
 u - 3 chunks of flesh


   Skills:
 + Level 4.2 Fighting
 + Level 4.9 Polearms
 - Level 1.3 Armour
 - Level 0.6 Dodging


You had 4 spell levels left.
You didn't know any spells.
Your spell library was empty.

Dungeon Overview and Level Annotations

Branches:
Dungeon (4/15)
 Temple: D:4-7

Altars:
Ashenzari
Uskayaw


Innate Abilities, Weirdness & Mutations

You have hooves in place of feet.
Armour fits poorly on your strangely shaped body.
You cover ground very quickly.
You have extremely tough skin. (AC +3)


Message History

You closely miss the hog.
The hog is heavily wounded.
Xom grants you a minor favour.
You feel better. The hog bites you.
You hit the hog. You freeze the hog.
The hog is severely wounded.
The hog bites you but does no damage.
You closely miss the hog.
The hog is severely wounded.
The hog bites you!
* * * LOW HITPOINT WARNING * * *
You hit the hog but do no damage. You kick the hog.
The hog is severely wounded.
The hog bites you!
* * * LOW HITPOINT WARNING * * *
You hit the hog but do no damage.
The hog flickers and vanishes!
Deactivating autopickup; reactivate with Ctrl-A.
You kick something. Something bites you but does no damage.
You hit something.
Nothing appears to happen.
Something bites you.
You die...

##....##.#.##..................#
..##..#........................#
#.##..#........................#
......#.......#..รท)............#
......>......(####.............#
...............(.[..##.#########
.................##.....#
#######.......#..{<...(.#
#.......##@..#....#
#.......####......# #.......#
###....# ######### #....# #....#
######


There were no monsters in sight!

Vanquished Creatures
  An orc priest (D:3)
  A hound skeleton (D:4)
  2 gnolls (D:4)
  6 adders
  2 worms (D:3)
  3 dart slugs
  2 leopard geckos
  4 orcs (D:3)
  3 bats
  2 giant cockroaches
  5 hobgoblins
  8 kobolds
  2 ball pythons (D:3)
  4 frilled lizards
  7 goblins
  10 rats
62 creatures vanquished.

Notes
Turn   | Place    | Note
-------+----------+-------------------------------------------
     0 | D:1      | Kranky the Centaur Chaos Knight began the quest for the
                  | Orb.
     0 | D:1      | Reached XP level 1. HP: 19/19 MP: 1/1
    63 | D:1      | XOM: silly message
    80 | D:1      | Reached XP level 2. HP: 20/26 MP: 2/2
   353 | D:1      | XOM: harmless Tmut miscast
   712 | D:2      | Found a shattered altar of Ashenzari.
   742 | D:2      | Reached XP level 3. HP: 31/31 MP: 3/3
  1179 | D:2      | XOM: divination: magic mapping
  1185 | D:2      | Reached XP level 4. HP: 28/40 MP: 4/4
  1392 | D:2      | XOM: silly message
  1516 | D:2      | XOM: cloud trail
  1639 | D:3      | Found a hide-covered altar of Uskayaw.
  1923 | D:3      | XOM: harmless Erth miscast
  2212 | D:3      | Reached XP level 5. HP: 24/46 MP: 5/5
  2726 | D:4      | Noticed a shapeshifter
  2726 | D:4      | a howler monkey changed into a shapeshifter
  2726 | D:4      | Noticed a soldier ant
  2726 | D:4      | a shapeshifter changed into a soldier ant
  2733 | D:3      | Noticed a hog
  2733 | D:3      | a soldier ant changed into a hog
  2735 | D:3      | XOM: divination: magic mapping
  2736 | D:3      | XOM: potion effect (curing)
  2741 | D:3      | Slain by a hog (shapeshifter)

Levels and vault maps discovered:
D:1:      dpeg_arrival_ternary, layout_basic
D:2:      layout_basic, chequers_big_river, st_stairs_8, evilmike_ruin_ashenzari
D:3:      layout_rooms, lemuel_crystal_altar, first_ration
D:4:      layout_loops_ring, serial_shops, shop, kennysheep_potato
